 Dungeon Crawl Stone Soup version 0.22-a0-398-g8bb545f (webtiles) character file.

1507 Ijustatesigmund the Chopper (level 8, -4/87 HPs)
             Began as an Octopode Artificer on May 4, 2018.
             Was an Initiate of the Shining One.
             Slain by a sky beast (6 damage)
             ... on level 5 of the Dungeon.
             The game lasted 00:20:09 (8807 turns).

Ijustatesigmund the Chopper (Octopode Artificer)    Turns: 8807, Time: 00:20:09

Health: -4/87      AC:  1    Str: 16    XL:     8   Next: 82%
Magic:  10/10      EV: 14    Int: 11    God:    the Shining One [......]
Gold:   281        SH:  4    Dex: 15    Spells: 7/7 levels left

rFire    . . .     SeeInvis .   h - +3 hand axe
rCold    . . .     Gourm    .   (no shield)
rNeg     . . .     Faith    .   (helmet restricted)
rPois    .         Spirit   .   (no amulet)
rElec    .         Reflect  .   r - -2 ring of intelligence (curse)
rCorr    .         Harm     .   (no ring)
MR       .....                  (no ring)
Stlth    ..........             (no ring)
HPRegen  0.24/turn              (no ring)
MPRegen  0.12/turn              (no ring)
                                (no ring)
                                (no ring)

@: berserking, glowing, very quick
A: almost no armour, stealthy swim, amphibious, 8 rings, constrict 8, large bone
plates 1, camouflage 1, mutation resistance 1, gelatinous body 1
a: Renounce Religion


You were on level 5 of the Dungeon.
You worshipped the Shining One.
The Shining One was noncommittal.
You were not hungry.

You visited 2 branches of the dungeon, and saw 7 of its levels.

You collected 281 gold pieces.

Inventory:

Hand Weapons
 c - a +3 dire flail of holy wrath
 h - a +3 hand axe (weapon)
Missiles
 j - 4 javelins (quivered)
Jewellery
 r - a cursed -2 ring of intelligence (left tentacle)
Wands
 b - a wand of flame (23)
 o - a wand of polymorph (12)
Scrolls
 g - a scroll of immolation
 n - a scroll of remove curse
 p - 2 scrolls of identify
Potions
 e - a potion of flight
 l - a potion of brilliance {unknown}
 m - 2 potions of mutation
Comestibles
 d - a chunk of flesh
 f - 9 rations


   Skills:
 + Level 6.9 Fighting
   Level 1.0 Short Blades
 + Level 7.4 Axes
 + Level 2.4 Dodging
 - Level 3.1 Stealth
 + Level 1.3 Invocations
 - Level 3.2 Evocations


You had 7 spell levels left.
You didn't know any spells.

Dungeon Overview and Level Annotations

Branches:
Dungeon (6/15)             Temple (1/1) D:4

Altars:
Ashenzari
Cheibriados
Dithmenos
Elyvilon
Fedhas
Gozag
Hepliaklqana
Kikubaaqudgha
Nemelex Xobeh
Okawaru
Qazlal
Ru
Sif Muna
Trog
Uskayaw
Vehumet
Wu Jian
Xom
Yredelemnul
Zin
The Shining One

Shops:
D:6 ?

Annotations:
D:4 Duvessa


Innate Abilities, Weirdness & Mutations

You cannot wear most types of armour.
You are very stealthy in the water. (Stealth+)
You are amphibious.
You can wear up to eight rings at the same time.
You can use your tentacles to constrict eight enemies at once.
Your skin changes colour to match your surroundings (Stealth+).
Your rubbery body absorbs attacks. (AC +1, EV +1)
You are partially covered in large bone plates. (SH +4)
You are somewhat resistant to further mutation.


Message History

Something shocks you.
* * * LOW HITPOINT WARNING * * *
You slash the orc wizard! Your grab misses the orc wizard.
The orc wizard is heavily wounded.
You hit something. You barely miss the orc. Something hits you.
* * * LOW HITPOINT WARNING * * *
Something shocks you.
* * * LOW HITPOINT WARNING * * *
The orc wizard hits you but does no damage.
The orc misses you.
You slash the orc wizard!
You kill the orc wizard!
You closely miss something. You slash the orc!
You kill the orc!
You slash something! You squeeze something!
A sky beast appears from thin air!
Reactivating autopickup.
The sky beast hits you.
* * * LOW HITPOINT WARNING * * *
The sky beast shocks you.
You die...

................#
######..........###### #
##..##.....#.<...##
#..##.............##
#.##...............#
#.##...............#
#.##...............#
#.##?.......)Y.....#
#####.##........@).....#
#.....# #.............##
#.##### ##.....#.....##
..# ####.######## ..###
###.# ....#######...#
......##....###
.##.#....#### .........#


You could see a sky beast.

Vanquished Creatures
  Grinder (D:4)
  Edmund (D:5)
  2 ogres
  A phantom (D:6)
  A bullfrog (D:6)
  3 scorpions
  A howler monkey (D:6)
  3 crimson imps
  6 orc wizards
  An orc priest (D:6)
  2 iguanas (D:5)
  Jessica (D:2)
  2 worker ants (D:5)
  A hound skeleton (D:5)
  4 adders
  A shadow imp (D:6)
  An ooze (D:1)
  An adder skeleton (D:6)
  An adder zombie (D:3)
  4 worms
  3 dart slugs
  2 leopard geckos
  6 orcs
  A giant cockroach (D:6)
  7 goblins
  3 hobgoblins
  15 jackals
  7 quokkas
  2 ball pythons
  13 bats
  6 frilled lizards
  4 kobolds
  A leopard gecko skeleton (D:5)
  A quokka zombie (D:5)
  9 rats
118 creatures vanquished.

Vanquished Creatures (collateral kills)
  A black bear (D:4)
  An ogre (D:6)
  The ghost of iamserjio the Magician, an amateur DEWz (D:4)
  3 orcs (D:6)
  A jackal skeleton (D:4)
7 creatures vanquished.

Vanquished Creatures (others)
  Dowan (D:4)
  A ball python (D:1)
2 creatures vanquished.

Grand Total: 127 creatures vanquished

Notes
Turn   | Place    | Note
-------+----------+-------------------------------------------
     0 | D:1      | Ijustatesigmund the Octopode Artificer began the quest for the Orb.
     0 | D:1      | Reached XP level 1. HP: 13/13 MP: 3/3
    83 | D:1      | Reached XP level 2. HP: 15/18 MP: 4/4
   905 | D:1      | Reached XP level 3. HP: 17/24 MP: 5/5
  1571 | D:2      | You fall through a shaft for 2 floors!
  1571 | D:4      | Noticed Grinder
  1572 | D:4      | Paralysed by Grinder for 6 turns
  2260 | D:3      | Reached XP level 4. HP: 21/31 MP: 6/6
  2825 | D:2      | Reached XP level 5. HP: 37/37 MP: 7/7
  2852 | D:2      | Noticed Jessica
  2860 | D:2      | Killed Jessica
  2860 | D:2      | Reached skill level 1 in Axes
  2942 | D:2      | Found a white marble altar of Elyvilon.
  2996 | D:2      | Found a basalt altar of Yredelemnul.
  3215 | D:2      | You fall through a shaft for 2 floors!
  3215 | D:4      | Noticed iamserjio's ghost (amateur DEWz)
  3232 | D:4      | Found a sacrificial altar of Ru.
  3479 | D:4      | Noticed an ogre
  3493 | D:4      | Noticed a black bear
  3502 | D:4      | Killed a black bear
  3502 | D:4      | Reached skill level 2 in Axes
  3502 | D:4      | Reached XP level 6. HP: 44/44 MP: 8/8
  3612 | D:4      | Killed iamserjio's ghost
  3612 | D:4      | Reached skill level 3 in Axes
  3617 | D:4      | Killed Grinder
  3617 | D:4      | Reached skill level 5 in Fighting
  3617 | D:4      | Reached skill level 4 in Axes
  3700 | D:3      | Reached XP level 7. HP: 47/50 MP: 9/9
  4166 | D:3      | Found a glowing golden altar of the Shining One.
  4443 | D:2      | Noticed a moth of wrath
  4445 | D:2      | Found a bloodstained altar of Trog.
  5191 | D:4      | Noticed Dowan
  5202 | D:4      | Noticed Duvessa
  5214 | D:4      | Gained mutation: You are partially covered in large bone plates. (SH +4) [potion of mutation]
  5214 | D:4      | Gained mutation: You are somewhat resistant to further mutation. [potion of mutation]
  5222 | D:4      | Your ally died
  5872 | D:5      | Entered Level 5 of the Dungeon
  5960 | D:5      | Reached skill level 5 in Axes
  6389 | D:5      | Found a shadowy altar of Dithmenos.
  6390 | D:5      | Found a hide-covered altar of Uskayaw.
  6390 | D:5      | Found an ornate altar of the Wu Jian Council.
  6390 | D:5      | Found a stormy altar of Qazlal.
  6402 | D:5      | Found a snail-covered altar of Cheibriados.
  6407 | D:5      | Found a radiant altar of Vehumet.
  6763 | D:6      | Reached XP level 8. HP: 50/57 MP: 10/10
  6781 | D:6      | Reached skill level 6 in Axes
  6888 | D:6      | Found the +9 scales of the Dragon King {rPois rF+ rC+ MR+}
  7521 | D:6      | Found Sush's Magic Scroll Boutique.
  7615 | D:5      | Noticed Edmund
  7788 | D:5      | Killed Edmund
  7788 | D:5      | Reached skill level 7 in Axes
  7880 | D:4      | Found a staircase to the Ecumenical Temple.
  7899 | Temple   | Entered the Ecumenical Temple
  8198 | D:3      | Became a worshipper of the Shining One
  8307 | D:4      | Reached skill level 1 in Invocations
  8807 | D:5      | HP: 2/87 [sky beast (4)]
  8807 | D:5      | Slain by a sky beast

Vault maps used:
D:1:      sevenhm_arrival_forest_fort_large_4, minmay_misc_feat_four_crosses,
          due_unseen_surprise
D:2:      kennysheep_ying_yang, tgw_trog, minivault_14, uniq_jessica
D:3:      tso_altar
D:4:      nicolae_ru_great_annihilating_truth, minmay_temple_entry_glassed_door,
          uniq_duvessa, uniq_grinder
D:5:      minmay_overflow_temple_hex, first_ration, kennysheep_generic_room_12,
          uniq_edmund
D:6:      serial_shops, shop_fountains, grunt_decor_one_mirror
Temple:   minmay_temple_curvy_loop

Skill      XL: |  1  2  3  4  5  6  7  8 |
---------------+-------------------------+-----
Stealth        | 2 3 |  3.1
Fighting       | 2 3 4 5 6 |  6.9
Axes           | 2 4 5 7 |  7.4
Invocations    | 1 |  1.3
Short Blades   | |  1.0
Dodging        | |  2.4
Evocations     | |  3.2

Action                   |  1- 3 |  4- 6 |  7- 9 || total
-------------------------+-------+-------+-------++-------
Melee: Short sword       |    16 |       |       ||    16
       Constrict         |    27 |    14 |    28 ||    69
       Tentacles         |    15 |    11 |    41 ||    67
       Whip              |    80 |       |       ||    80
       Hand axe          |     4 |    52 |   159 ||   215
Throw: Javelin           |     5 |     1 |     8 ||    14
Evoke: Wand              |    12 |     5 |    19 ||    36
  Use: Scroll            |     8 |     2 |    10 ||    20
       Potion            |       |       |     4 ||     4
 Stab: Sleeping          |     7 |     5 |     9 ||    21
       Distracted        |     1 |       |       ||     1
       Invisible         |       |     1 |       ||     1
       Paralysed         |       |     1 |       ||     1
  Eat: Chunk             |     2 |     3 |     9 ||    14
       Ration            |     1 |       |     2 ||     3
Armor: Skin              |    23 |     2 |     3 ||    28
Dodge: Dodged            |    79 |    29 |    59 ||   167
Block: Other             |       |       |    17 ||    17

Table legend:
 A = Spawn XP
 B = Non-spawn XP
 C = Spawn XP percentage of total XP
 D = Spawn monster count
 E = Non-spawn monster count
 F = Spawn count percentage of total count
 G = Total turns spent on level
                    A         B        C        D         E        F      G
               +---------+---------+-------+---------+---------+-------+---------
         Total |       0 |    2154 |   0.0 |       0 |     125 |   0.0 |  8807
               +---------+---------+-------+---------+---------+-------+---------
           D:1 |       0 |      45 |   0.0 |       0 |      24 |   0.0 |  1368
           D:2 |       0 |     131 |   0.0 |       0 |      24 |   0.0 |  1659
           D:3 |       0 |     102 |   0.0 |       0 |      24 |   0.0 |  1997
           D:4 |       0 |     743 |   0.0 |       0 |      16 |   0.0 |  1551
           D:5 |       0 |     598 |   0.0 |       0 |      20 |   0.0 |   951
           D:6 |       0 |     535 |   0.0 |       0 |      17 |   0.0 |  1069
               +---------+---------+-------+---------+---------+-------+---------
